 Dungeon Crawl Stone Soup version 0.25.1-2-g60ff931df9 (webtiles) character file.

Game seed: 13734309428696501436

90 Delamore the Cudgeler (level 4, 0/28 HPs)
             Began as a Gargoyle Fighter on Aug 12, 2020.
             Slain by an orc (3 damage)
             ... on level 2 of the Dungeon.
             The game lasted 00:01:24 (2204 turns).

Delamore the Cudgeler (Gargoyle Fighter)            Turns: 2204, Time: 00:01:24

Health: 0/28       AC: 11    Str: 20    XL:     4   Next: 56%
Magic:  4/4        EV:  7    Int:  9    God:
Gold:   116        SH:  9    Dex:  9    Spells: 3/3 levels left

rFire    . . .     SeeInvis .   a - +0 flail
rCold    . . .     Gourm    .   c - +0 kite shield
rNeg     + . .     Faith    .   b - +0 scale mail
rPois    ∞         Spirit   .   (no helmet)
rElec    +         Reflect  .   e - +0 cloak
rCorr    .         Harm     .   (no gloves)
MR       +....                  (no boots)
Stlth    ..........             (no amulet)
HPRegen  0.09/turn              g - ring of protection from magic
MPRegen  0.09/turn              (no ring)

@: no status effects
A: negative energy resistance 1, electricity resistance, unbreathing,
petrification resistance, rot immunity, AC +3
a: no special abilities


You were on level 2 of the Dungeon.
You were hungry.

You visited 1 branch of the dungeon, and saw 3 of its levels.

You collected 116 gold pieces.

Inventory:

Hand Weapons
 a - a +0 flail (weapon)
Armour
 b - a +0 scale mail (worn)
 c - a +0 kite shield (worn)
 e - a +0 cloak (worn)
Jewellery
 g - a ring of protection from magic (left hand)
Scrolls
 i - 4 scrolls of identify {unknown}
 j - a scroll of magic mapping {unknown}
 m - a scroll of immolation {unknown}
 n - a scroll of remove curse {unknown}
 o - a scroll of teleportation {unknown}
Potions
 d - 2 potions of might
 h - 2 potions of flight {unknown}
 k - a potion of berserk rage {unknown}
 l - a potion of heal wounds {unknown}
 p - a potion of haste {unknown}
 q - a potion of mutation {unknown}
 r - 2 potions of degeneration {unknown}
Comestibles
 f - 3 rations
 s - 3 chunks of flesh


   Skills:
 - Level 3.2 Fighting
 + Level 4.6 Maces & Flails
 - Level 3.2 Armour
 - Level 3.2 Shields


You had 3 spell levels left.
You didn't know any spells.
Your spell library was empty.

Dungeon Overview and Level Annotations

Branches:
Dungeon (3/15)

Altars:


Innate Abilities, Weirdness & Mutations

You are resistant to torment.
Your stone body is resilient. (AC +3)
You are immune to poison.
You resist negative energy. (rN+)
You are resistant to electric shocks. (rElec)
You can survive without breathing.
You are immune to petrification.
You are immune to rotting.


Message History

The orc is severely wounded.
You are feeling hungry.
The orc hits you.
* * * LOW HITPOINT WARNING * * *
The jackal bites you but does no damage.
The frilled lizard unfolds its giant frill.
The frilled lizard bites you but does no damage.
You closely miss the orc.
The orc is severely wounded.
The jackal barely misses you. The orc hits you but does no damage.
The frilled lizard bites you but does no damage.
The jackal bites you but does no damage.
You closely miss the orc.
The orc is severely wounded.
You block the orc's attack.
The jackal bites you but does no damage.
The frilled lizard bites you.
* * * LOW HITPOINT WARNING * * *
The orc hits you.
You die...

######...................#
#....+..............####.#
#'####...........##.# #.#
....##........##.##.# #.#
....####.####.......# #.#
.......#.# #.##.#### #.#
.......'.# #.#<.# #.#
.......######.##########.##
...............o@l........#
.......######.##h##########
##+##### #.##.#.......#
...##########.##.#.#####.##
............#.##.#.# #...<#
(...#######.#.##.#.# #.#.##
###.##....#.#.##.#.# #.#.#
.##.##.##.#.#.##.#.# #.#.#
.##.##.#..#.#.##.#.###.#.#


You could see an orc, a jackal and a frilled lizard.

Vanquished Creatures
  4 adders (D:2)
  An ooze (D:1)
  3 worms (D:2)
  A dart slug (D:1)
  3 leopard geckos
  4 bats
  A giant cockroach (D:1)
  3 goblins
  5 jackals (D:1)
  A quokka (D:2)
  4 frilled lizards
  4 kobolds
  5 rats
39 creatures vanquished.

Notes
Turn   | Place    | Note
-------+----------+-------------------------------------------
     0 | D:1      | Delamore the Gargoyle Fighter began the quest for the Orb.
     0 | D:1      | Reached XP level 1. HP: 14/14 MP: 1/1
   166 | D:1      | Reached XP level 2. HP: 19/19 MP: 2/2
   372 | D:1      | Reached skill level 3 in Maces & Flails
   860 | D:1      | Reached XP level 3. HP: 22/23 MP: 3/3
  1646 | D:2      | Reached skill level 4 in Maces & Flails
  1681 | D:2      | Reached XP level 4. HP: 28/28 MP: 4/4
  2204 | D:2      | Slain by an orc

Illustrated notes

Levels and vault maps discovered:
D:1:      ncdulo_lavacross, layout_loops_corners, columned_hall_lemuel,
          minmay_misc_feat_square
D:2:      layout_basic
D:3:      layout_rooms, nicolae_overflow_crystal_walls, serial_glass,
          glass_columns_a, glass_columns_a, chequers_serial_rivers_micro_a,
          minmay_ruptured

Skill      XL: |  1  2  3 |
---------------+----------+-----
Maces & Flails | 3 4 |  4.6
Fighting       | |  3.2
Armour         | |  3.2
Shields        | |  3.2

Action                   |  1- 3 |  4- 6 || total
-------------------------+-------+-------++-------
Melee: Flail             |   142 |    62 ||   204
  Eat: Chunk             |     3 |     1 ||     4
Armor: Scale mail        |    79 |    63 ||   142
Dodge: Dodged            |    42 |    34 ||    76
Block: Kite shield       |    89 |    47 ||   136
